 Dungeon Crawl Stone Soup version 0.32-a0-543-gefe9712 (webtiles) character file.

Game seed: 16161671348658235642

73404 PicaresqueIRL the Earth Mage (level 15, -2/84 HPs)
             Began as a Gargoyle Earth Elementalist on Feb 29, 2024.
             Was a High Priest of Sif Muna.
             Slain by a phantasmal warrior (24 damage)
             ... led by a death knight
             ... on level 13 of the Dungeon.
             The game lasted 01:14:20 (23535 turns).

PicaresqueIRL the Earth Mage (GrEE)                Turns: 23535, Time: 01:14:21

Health: -2/84      AC: 24    Str: 13    XL:     15   Next: 43%
Magic:  38/38      EV: 11    Int: 22    God:    Sif Muna [*****.]
Gold:   2315       SH:  7    Dex: 10    Spells: 12/34 levels left

rFire   . . .        b - staff of earth
rCold   . . .        c - +2 buckler
rNeg    + . .        S - +0 troll leather armour
rPois   ∞            v - +1 helmet
rElec   +            C - +0 cloak
rCorr   .            r - +0 pair of gloves
SInv    .            n - +0 pair of boots
Will    .....        m - amulet of magic regeneration
Stlth   ++++         N - ring of magical power
HPRegen 1.14/turn    k - +4 ring of protection
MPRegen 0.66/turn

%: no passive effects
@: weak-willed, flying
A: sickness immunity, AC +11, big wings, negative energy resistance 1,
electricity resistance, torment resistance 1, petrification resistance, no
potion heal 1
a: Renounce Religion, Channel Magic, Forget Spell, Divine Exegesis


You were on level 13 of the Dungeon.
You worshipped Sif Muna.
Sif Muna was extremely pleased with you.
You visited 4 branches of the dungeon, and saw 21 of its levels.

You collected 2690 gold pieces.
You spent 375 gold pieces at shops.

Inventory:

Missiles
 t - 2 curare-tipped darts
 z - 2 throwing nets
Armour
 c - a +2 buckler (worn)
 n - a +0 pair of boots (worn)
 r - a +0 pair of gloves (worn)
 v - a +1 helmet (worn)
 C - a +0 cloak (worn)
 O - a +1 robe of cold resistance
 S - a +0 troll leather armour (worn)
 V - the +1 robe of the Insatiable Cities {rN+ Str+6}
   (You found it on level 4 of the Lair of Beasts)

   Str+6:     It affects your strength (+6).
   rN+:       It protects you from negative energy.
Magical Staves
 a - the staff "Mokhledy" {rPois rF+ Dex+3 Summ Fire}
   (You found it on level 3 of the Dungeon)

   [staff of fire]

   Base accuracy: +5 Base damage: 5 Base attack delay: 1.2 This weapon's minimum
   attack delay (0.6) is reached at skill level 12.
   Dex+3:     It affects your dexterity (+3).
   rF+:       It protects you from fire.
   rPois:     It protects you from poison Summ: It increases the power of your
   Summonings spells.
   Fire:      It increases the power of your Fire spells.
   It falls into the 'Staves' category.
   It is a one-handed weapon.
 b - a staff of earth (weapon)
Jewellery
 k - a +4 ring of protection (right hand)
 m - an amulet of magic regeneration (around neck)
 N - a ring of magical power (left hand)
 Z - a ring of see invisible
Wands
 f - a wand of paralysis (2)
 i - a wand of iceblast (3)
 w - a wand of polymorph (13)
 A - a wand of flame (47)
Scrolls
 g - 4 scrolls of fog {unknown}
 h - 5 scrolls of amnesia {unknown}
 j - a scroll of enchant armour {unknown}
 l - 2 scrolls of vulnerability
 o - 7 scrolls of teleportation
 s - 3 scrolls of enchant weapon {unknown}
 y - 2 scrolls of silence {unknown}
 D - 2 scrolls of blinking {unknown}
 F - a scroll of torment {unknown}
 H - 2 scrolls of revelation
 I - 2 scrolls of immolation {unknown}
 J - 4 scrolls of noise {unknown}
 K - a scroll of summoning {unknown}
 U - 3 scrolls of fear
 W - a scroll of poison {unknown}
Potions
 d - 3 potions of brilliance
 e - 3 potions of lignification
 p - a potion of magic
 q - 4 potions of berserk rage
 u - 2 potions of mutation
 x - a potion of invisibility
 B - 7 potions of curing
 E - 5 potions of heal wounds
 G - 2 potions of ambrosia
 M - 2 potions of attraction
 X - a potion of cancellation {unknown}
 Y - 4 potions of enlightenment
Miscellaneous
 P - a phantom mirror (inert)
 Q - a lightning rod (1/4)


   Skills:
 - Level 6.0 Fighting
 - Level 3.0 Armour
 - Level 1.5 Dodging
 - Level 11.0 Stealth
 - Level 6.0 Shields
 + Level 10.3 Spellcasting
 - Level 15.0 Conjurations
 - Level 15.0 Earth Magic
 - Level 10.0 Invocations
 - Level 7.0 Evocations


You had 12 spell levels left.
You knew the following spells:

 Your Spells              Type           Power      Damage    Failure   Level
a - Sandblast             Erth           100%       2d20      1%          1
b - Passwall              Erth           86%        N/A       1%          3
c - Stone Arrow           Conj/Erth      100%       3d13      1%          3
d - Bombard               Conj/Erth      43%        9d7       3%          6
f - Orb of Destruction    Conj           33%        9d10      17%         7
q - Blink                 Tloc           22%        N/A       14%         2

Your spell library contained the following spells:

 Spells                   Type           Power      Damage    Failure   Level
 Kiss of Death            Conj/Necr      100%       2d13      1%          1
 Magic Dart               Conj           100%       1d8       1%          1
 Sting                    Conj/Alch      100%       1d9       1%          1
 Static Discharge         Conj/Air       88%        3-7/arc   1%          2
 Brom's Barrelling Bould  Conj/Erth      86%        2d10      1%          4
 Iskenderun's Battlesphe  Conj           67%        2d12      1%          5
 Lee's Rapid Deconstruct  Erth           43%        3d21*     1%          5
 Animate Armour           Summ/Erth      100%       N/A       4%          4
 Leda's Liquefaction      Alch/Erth      30%        N/A       4%          4
 Petrify                  Alch/Erth      61%        N/A       4%          4
 Apportation              Tloc           22%        N/A       10%         1
 Necrotise                Necr           44%        1d6       10%         1
 Summon Small Mammal      Summ           44%        N/A       10%         1
 Arcjolt                  Conj/Air       22%        1d32      12%         5
 Call Imp                 Summ           22%        N/A       14%         2
 Jinxbite                 Hex            22%        N/A       14%         2
 Frozen Ramparts          Ice            22%        1d4       28%         3
 Summon Ice Beast         Ice/Summ       11%        N/A       28%         3
 Airstrike                Air            5%         2d(1-17)  67%         4
 Vhi's Electric Charge    Tloc/Air       22%        N/A       67%         4
 Lehudib's Crystal Spear  Conj/Erth      43%        10d10     80%         8
 Alistair's Intoxication  Alch           7%         N/A       95%         5
 Yara's Violent Unravell  Hex/Alch       5%         3d4       95%         5
 Enfeeble                 Hex            5%         N/A       100%        7
 Maxwell's Capacitive Co  Air            5%         ∞         100%        8
 Shatter                  Erth           43%        3d33*     100%        9


Dungeon Overview and Level Annotations

Branches:
Dungeon (13/15) Zot: 26447  Temple (1/1) D:6 Zot: 5907    Lair (5/5) D:9 Zot: 21300
 Shoals (0/4) Lair:3        Snake (0/4) Lair:2        Slime (0/5) Lair:4
    Orc (2/2) D:12 Zot: 9936     Elf (0/3) Orc:2
 Vaults: D:13-14

Altars:
Ashenzari
Cheibriados
Dithmenos
Elyvilon
Fedhas
Gozag
Hepliaklqana
Kikubaaqudgha
Makhleb
Nemelex Xobeh
Okawaru
Qazlal
Ru
Sif Muna
Trog
Uskayaw
Vehumet
Wu Jian
Xom
Yredelemnul
Zin
The Shining One
Beogh

Shops:
D:2 (   D:4 [   D:7 :   D:10 *   D:11 *   Orc:2 :*[(

Annotations:
D:2 1 runed translucent door, Crazy Yiuf
D:3 1 transporter, Huckle's ghost, amateur MiEE
D:10 2 transporters, syon's ghost, novice MiFi
D:13 6 transporters, Ogyku's ghost, journeyman DrSh
Lair:1 1 runed translucent door


Innate Abilities, Weirdness & Mutations

You are immune to sickness and miasma.
Your stone body is resilient. (AC +11)
You are immune to poison.
Your large and strong wings let you fly.
You resist negative energy. (rN+)
You are resistant to electric shocks. (rElec)
You are resistant to unholy torment.
You are immune to petrification.
Potions are less effective at restoring your health.


Message History

Aim: a wraith (heavily damaged, 85% to hit)
Okay, then.
Unknown command.
Unknown command.
Casting: Sandblast (safe; 1% risk of failure)
Confirm with . or Enter, or press ? or * to list all spells.
Okay, then.
Unknown command.
Casting: Sandblast (safe; 1% risk of failure)
Confirm with . or Enter, or press ? or * to list all spells.
Aiming: Bombard (dangerous; 3% risk of failure)
Press: ? - help, Shift-Dir - straight line, f - phantasmal warrior, p - wraith
Aim: a phantasmal warrior (76% to hit)
Okay, then.
The deep elf pyromancer shouts!
The deep elf pyromancer mumbles some strange words.
The deep elf pyromancer blinks!
The phantasmal warrior gestures at you.
The phantasmal warrior blinks!
The wraith attacks as it pursues you! You block the wraith's attack.
You gain 2 HP, and have [60/84] HP The death knight's dark mirror aura disappears.
The phantasmal warrior hits you!!
You take 24 HP, and have [38/84] HP !!!!!
HP Warning !!!!!
The deep elf pyromancer gestures at you while chanting.
The pyre arrow hits you.
You are covered in intense liquid fire!
The phantasmal warrior attacks as it pursues you!
The phantasmal warrior hits you!
You take 8 HP, and have [30/84] HP You shake off some of the fire as you move.
The liquid fire burns you!
* * * LOW HITPOINT WARNING * * *
The phantasmal warrior gestures at you.
The phantasmal warrior blinks!
You take 9 HP, and have [21/84] HP You shake off the liquid fire.
The phantasmal warrior hits you!!
You die...

##### #...# #...## ######
#....# #### #....# #....###≈≈##
#....# #.##.##≈≈≈≈## ######
#....####.##.#≈≈≈≈≈≈# #....#
###....#.....#W#~~~~~~###....#
#....>.....pW.@.........#....#
#.#..........#####~.###......#
#.#.....~~~.## ##..........#
#.#.....~~≈.## #..........#
#p#.........≈## #........####
#.#.....~~~~~≈## #......%)# #
#.......~≈~~≈~≈####..>.....####
........≈~...................##
........~~.~~#######.......#.##


You could see a death knight, a phantasmal warrior and a wraith.

Vanquished Creatures
  An orc warlord (Orc:2)
  An ice dragon (Lair:5)
  Fannar (Lair:1)
  6 hydras
  4 boulder beetles
  3 two-headed ogres
  A deep troll earth mage (D:11)
  A hell hog (Lair:5)
  5 orc high priests
  Sonja (Lair:1)
  An arcanist (D:13)
  2 lindwurms (Lair:5)
  A phantasmal warrior (D:13)
  A deep elf pyromancer (D:12)
  4 orc knights
  3 orc sorcerers (Orc:2)
  A manticore (D:13)
  8 elephants (Lair:5)
  2 rust devils
  4 cyclopes
  A salamander (Lair:2)
  6 black mambas
  4 torpor snails
  Joseph (Lair:1)
  7 cane toads
  A smoke demon (D:12)
  2 gargoyles (D:11)
  An unseen horror (D:12)
  5 rime drakes
  An efreet (D:11)
  A tengu conjurer (D:13)
  7 komodo dragons
  A freezing wraith (D:13)
  A hellwing (D:11)
  9 polar bears (Lair:5)
  4 trolls
  2 tyrant leeches (Lair:5)
  7 hornets
  5 raiju
  12 blink frogs
  A snapping turtle (Lair:3)
  A dream sheep (Lair:5)
  2 shadows (D:11)
  A water elemental (Lair:3)
  38 yaks
  2 wraiths
  2 basilisks (Lair:2)
  3 wyverns
  A human (Lair:1)
  9 wargs
  2 steam dragons
  15 vampire mosquitoes
  3 nagas (Lair:2)
  10 water moccasins
  Duvessa (D:4)
  2 acid dragons
  38 orc warriors
  14 hell hounds (Lair:5)
  A swamp drake (D:6)
  14 black bears
  2 ice beasts (D:5)
  A laughing skull (D:11)
  7 ogres
  A crocodile (D:6)
  32 wolves
  16 centaurs
  6 kobold brigands
  7 scorpions
  7 bullfrogs
  2 gnoll sergeants
  5 wights (D:8)
  Dowan (D:4)
  An oklob sapling (D:6)
  14 killer bees
  7 electric eels
  6 howler monkeys
  2 bombardier beetles
  6 hounds
  2 jellies
  4 gnoll boudas
  26 orc priests
  A sleepcap (D:7)
  2 iguanas
  Natasha (thrice) (D:4)
  26 orc wizards
  Robin (D:3)
  33 gnolls
  7 adders
  A white imp (D:7)
  2 ufetubi (D:6)
  3 dart slugs
  3 ribbon worms
  82 orcs
  8 endoplasms
  7 giant cockroaches
  19 goblins
  12 hobgoblins
  18 jackals
  30 kobolds
  4 quokkas
  7 ball pythons
  4 bats
  4 frilled lizards
  7 rats
728 creatures vanquished.

Vanquished Creatures (collateral kills)
  A hydra (Lair:4)
  A torpor snail (Lair:5)
  A komodo dragon (Lair:4)
  A tyrant leech (Lair:5)
  An orc priest (Orc:2)
5 creatures vanquished.

Grand Total: 733 creatures vanquished

Notes
Turn   | Place    | Note
-------+----------+-------------------------------------------
     0 | D:1      | PicaresqueIRL the Gargoyle Earth Elementalist began the
                  | quest for the Orb.
     0 | D:1      | Reached XP level 1. HP: 10/10 MP: 3/3
    59 | D:1      | Found a faded altar of an unknown god.
   170 | D:1      | Reached skill level 1 in Fighting
   170 | D:1      | Reached XP level 2. HP: 16/16 MP: 1/5
   400 | D:1      | Reached XP level 3. HP: 10/20 MP: 2/6
  1171 | D:2      | Learned a level 3 spell: Passwall
  1236 | D:2      | Reached skill level 5 in Earth Magic
  1338 | D:2      | Reached XP level 4. HP: 25/25 MP: 5/7
  1342 | D:2      | Learned a level 3 spell: Stone Arrow
  1676 | D:2      | Found Magiuv's Weapon Shop.
  1872 | D:2      | Found a runed translucent door.
  1873 | D:2      | Noticed Crazy Yiuf
  2174 | D:3      | Identified the staff "Mokhledy" {rPois rF+ Dex+3 Summ Fire}
  2324 | D:3      | Found a transporter.
  2326 | D:3      | Identified the +11 dire flail "Gopit" {spect, rC+ Int+3
                  | SInv}
  2326 | D:3      | Noticed an ogre
  2327 | D:3      | Noticed Huckle's ghost (amateur MiEE)
  2355 | D:3      | Reached XP level 5. HP: 29/29 MP: 6/8
  2461 | D:3      | Noticed Robin
  2478 | D:3      | Killed Robin
  3376 | D:4      | Identified the +4 leather armour of the Lonely Friends
                  | {^Contam +Inv Int+2 Dex+3}
  3416 | D:4      | Noticed Duvessa
  3416 | D:4      | Noticed Dowan
  3431 | D:4      | Killed Duvessa
  3432 | D:4      | Reached XP level 6. HP: 20/34 MP: 9/9
  3433 | D:4      | Killed Dowan
  3804 | D:4      | Reached XP level 7. HP: 27/38 MP: 8/10
  3873 | D:4      | Learned a level 2 spell: Blink
  3976 | D:4      | Found Diwom's Armour Boutique.
  3980 | D:4      | Noticed Natasha
  3992 | D:4      | Killed Natasha
  4035 | D:4      | Found a bloodstained altar of Trog.
  4117 | D:4      | Noticed Natasha
  4138 | D:4      | Killed Natasha
  4347 | D:4      | Noticed Natasha
  4350 | D:4      | Killed Natasha
  4365 | D:5      | Entered Level 5 of the Dungeon
  4383 | D:5      | Reached skill level 1 in Evocations
  4559 | D:5      | Reached skill level 5 in Stealth
  4714 | D:5      | Reached XP level 8. HP: 43/43 MP: 9/11
  4821 | D:5      | Found a glowing silver altar of Zin.
  5308 | D:6      | Reached skill level 10 in Earth Magic
  5538 | D:6      | Reached XP level 9. HP: 30/47 MP: 15/15
  5654 | D:6      | Reached skill level 5 in Spellcasting
  5706 | D:6      | Found a staircase to the Ecumenical Temple.
  5732 | Temple   | Entered the Ecumenical Temple
  6030 | D:6      | Found a radiant altar of Vehumet.
  6212 | D:7      | Found Ruxais's Vocational Training.
  6464 | D:7      | Found a shimmering blue altar of Sif Muna.
  6474 | D:7      | Became a worshipper of Sif Muna the Loreminder
  6769 | D:8      | Reached skill level 1 in Invocations
  6776 | D:8      | Reached XP level 10. HP: 52/52 MP: 18/21
  6846 | D:8      | Reached * piety under Sif Muna
  7557 | D:9      | Found a staircase to the Lair.
  7558 | D:9      | Reached ** piety under Sif Muna
  7664 | D:9      | Noticed a two-headed ogre
  7683 | D:9      | Killed a two-headed ogre
  7684 | D:9      | Reached skill level 10 in Stealth
  7918 | D:9      | Found an ancient bone altar of Kikubaaqudgha.
  8131 | D:10     | Entered Level 10 of the Dungeon
  8381 | D:10     | Found a transporter.
  8407 | D:10     | Noticed a tengu warrior
  8462 | D:10     | Reached XP level 11. HP: 60/60 MP: 24/24
  8673 | D:10     | Found a bloodstained altar of Trog.
  8673 | D:10     | Noticed syon's ghost (novice MiFi)
  8673 | D:10     | Noticed a moth of wrath
  8674 | D:10     | Found a transporter.
  8721 | D:10     | Found Quyz's General Store.
  8729 | D:10     | Bought a scroll of teleportation for 39 gold pieces
  8729 | D:10     | Bought a scroll of identify for 26 gold pieces
  8729 | D:10     | Bought a scroll of identify for 26 gold pieces
  8772 | D:10     | Found a glowing golden altar of the Shining One.
  8782 | D:10     | Found a basalt altar of Yredelemnul.
  8949 | D:10     | Noticed an angel
  9019 | D:11     | Noticed a boulder beetle
  9025 | D:11     | Killed a boulder beetle
  9086 | D:11     | Reached *** piety under Sif Muna
  9317 | D:11     | Noticed a two-headed ogre
  9362 | D:11     | Killed a two-headed ogre
  9363 | D:11     | Reached skill level 10 in Spellcasting
  9363 | D:11     | Reached skill level 5 in Invocations
  9582 | D:11     | Found Vyplo's General Store.
  9585 | D:11     | Bought a scroll of fear for 52 gold pieces
  9585 | D:11     | Bought a scroll of revelation for 97 gold pieces
  9945 | D:11     | Noticed a boulder beetle
  9978 | D:11     | Reached skill level 1 in Shields
 10672 | D:11     | Killed a boulder beetle
 10707 | D:11     | Noticed a cyclops
 10712 | D:11     | Killed a cyclops
 10712 | D:11     | Reached **** piety under Sif Muna
 10729 | D:11     | Noticed a deep troll earth mage
 10734 | D:11     | Noticed a cyclops
 10771 | Lair:1   | Entered Level 1 of the Lair of Beasts
 10797 | Lair:1   | Reached XP level 12. HP: 55/64 MP: 26/26
 10801 | Lair:1   | Reached skill level 5 in Shields
 10930 | Lair:1   | Noticed Joseph
 10938 | Lair:1   | Killed Joseph
 11333 | Lair:1   | Identified the blade talisman of Quiescent Liberty {Int+3}
 11680 | Lair:1   | Noticed Fannar
 11692 | Lair:1   | Killed Fannar
 11777 | Lair:1   | Noticed Sonja
 11791 | Lair:1   | Killed Sonja
 11994 | Lair:1   | Reached skill level 5 in Conjurations
 12124 | Lair:1   | Found a runed translucent door.
 12127 | Lair:1   | Noticed a tentacled starspawn
 12353 | Lair:2   | Noticed a six-headed hydra
 12362 | Lair:1   | Reached skill level 10 in Invocations
 12502 | Lair:2   | Found a staircase to the Snake Pit.
 12729 | Lair:2   | Killed a six-headed hydra
 14290 | Lair:3   | Reached XP level 13. HP: 68/68 MP: 27/27
 14676 | Lair:3   | Found a staircase to the Shoals.
 14686 | Lair:3   | Reached skill level 10 in Conjurations
 14864 | Lair:3   | Reached skill level 5 in Evocations
 15265 | Lair:4   | Found a staircase to the Slime Pits.
 15724 | Lair:4   | Identified the +1 robe of the Insatiable Cities {rN+ Str+6}
 16155 | Lair:5   | Entered Level 5 of the Lair of Beasts
 16845 | Lair:5   | Gained mutation: Your large and strong wings let you fly.
                  | [Gargoyle growth]
 16845 | Lair:5   | Reached XP level 14. HP: 74/74 MP: 26/28
 16896 | Lair:5   | Reached ***** piety under Sif Muna
 17308 | Lair:5   | Received a gift from Sif Muna
 17309 | Lair:5   | Got Sif Muna's Precepts of the Tundra and Conduction {god
                  | gift}
 17597 | Lair:5   | Reached skill level 15 in Earth Magic
 17913 | Lair:5   | Reached skill level 5 in Fighting
 19272 | D:11     | Reached skill level 1 in Armour
 19304 | D:11     | Identified the +5 scale mail of Pimenieq {rPois rN+ Str+5}
 20422 | D:12     | Received a gift from Sif Muna
 20447 | D:12     | Got Suulay's Guidebook on Blasts {god gift}
 20455 | D:12     | Learned a level 6 spell: Bombard
 20463 | D:12     | Learned a level 7 spell: Orb of Destruction
 20539 | D:12     | Found a staircase to the Orcish Mines.
 20942 | Orc:1    | Entered Level 1 of the Orcish Mines
 21226 | Orc:2    | Entered Level 2 of the Orcish Mines
 21226 | Orc:2    | Found a staircase to the Elven Halls.
 21484 | Orc:2    | Reached XP level 15. HP: 84/84 MP: 29/29
 21623 | Orc:2    | Found a roughly hewn altar of Beogh.
 21801 | Orc:2    | Received a gift from Sif Muna
 21802 | Orc:2    | Got Sif Muna's Papyrus of Oromancy {god gift}
 21813 | Orc:2    | Gained mutation: Potions are less effective at restoring
                  | your health. [a neqoxec]
 22002 | Orc:2    | Noticed an orc warlord
 22062 | Orc:2    | Killed an orc warlord
 22440 | Orc:2    | Found Biufepre's General Store.
 22441 | Orc:2    | Found Lil Byge's Book Shoppe.
 22443 | Orc:2    | Found Sais's Antique Armour Shoppe.
 22443 | Orc:2    | Found Nuewnavu's Antique Weapon Emporium.
 22458 | Orc:2    | Bought a scroll of vulnerability for 60 gold pieces
 22458 | Orc:2    | Bought a potion of heal wounds for 75 gold pieces
 22808 | Orc:1    | Found a bloodstained altar of Trog.
 23079 | D:13     | Reached skill level 15 in Conjurations
 23149 | D:13     | Found a transporter.
 23239 | D:13     | Found a transporter.
 23251 | D:13     | Found a transporter.
 23252 | D:13     | Noticed Ogyku's ghost (journeyman DrSh)
 23275 | D:13     | Found a transporter.
 23281 | D:13     | Found a transporter.
 23352 | D:13     | Found a transporter.
 23535 | D:13     | Slain by a phantasmal warrior

Illustrated notes

Levels and vault maps discovered:
D:1:      pf_arrival_petrified_forest, layout_basic, basic_ecumenical_altar,
          minivault_4, minmay_vboxes
D:2:      layout_loops_cross, serial_shops, shop, grunt_ministairs_1,
          minmay_domino_2, uniq_crazy_yiuf_cottage
D:3:      layout_loops_corners, gammafunk_ghost_smash, serial_co_window_serial,
          co_window_paths_b, co_window_corner_a, co_window_paths_b,
          co_window_of_opportunity_a, co_window_of_opportunity_a,
          co_window_corner_b, co_window_unsneaky_path_d, co_window_broadway_b,
          co_window_broadway_a, glass_columns_b, glass_columns_a,
          glass_columns_b, glass_columns_a, glass_columns_b, uniq_robin
D:4:      layout_gridville, trog_hazing_becter, serial_shops, shop,
          uniq_duvessa, uniq_natasha
D:5:      layout_layer_cave, mainiacjoe_overflow_surrounded_room
D:6:      nicolae_whirlpool, layout_cave_pools, fiery_altar_vehumet,
          minmay_temple_entry_oklob, minmay_misc_feat_encased
D:7:      layout_basic, lemuel_crystal_altar, nicolae_shop_vocational
D:8:      layout_rooms
D:9:      nicolae_hitomezashi [nicolae_hito_row, nicolae_hito_row,
          nicolae_hito_row, nicolae_hito_row, nicolae_hito_row,
          nicolae_hito_row, nicolae_hito_row, nicolae_hito_row,
          nicolae_hito_row, nicolae_hito_row, nicolae_hito_row,
          nicolae_hito_row, nicolae_hito_row, nicolae_hito_row,
          nicolae_hito_row, nicolae_hito_row, nicolae_hito_row,
          nicolae_hito_row], layout_irregular_city, kiku_gazebo_garden_becter
D:10:     layout_irregular_city, grunt_temple_overflow_holy_war, serial_shops,
          nicolae_shop_gibbet_a_chance, gammafunk_ghost_wrathful_warriors,
          minmay_parallelograms, nicolae_have_a_lightning_rod
D:11:     layout_cave_pods, serial_shops, nicolae_shop_behind_doors,
          dk_noncrumbling_2, nzn_random_ring
D:12:     layout_cave_pods, hiddenorc1_lemuel, nicolae_where_there's_smoke
D:13:     cross_vault, layout_basic, gammafunk_ghost_mausoleum,
          nicolae_transporter_circle
Temple:   regret_index_temple_waves
Lair:1:   layout_regular_city, chequers_serial_rivers_large_a,
          pdpol_lair_cabin_in_the_woods, uniq_fannar, uniq_joseph, uniq_sonja
Lair:2:   layout_layer_cave, alex1729_snake_entry_snake,
          nicolae_quartered_pool_super
Lair:3:   layout_big_grid, minmay_shoals_entry_hut
Lair:4:   layout_regular_city, slime_entry_1, minivault_19, grunt_megastairs_1
Lair:5:   wormcave, layout_hall_layers, hangedman_lair_caniforms_friends,
          hangedman_lair_generics_rect, lemuel_fruit_fields
Orc:1:    layout_caves, basic_altar
Orc:2:    st_orc_congregation, layout_caves, basic_altar

Skill      XL: |  1  2  3  4  5  6  7  8  9 10 11 12 13 14 15 |
---------------+----------------------------------------------+-----
Fighting       | 1 3 6 |  6.0
Earth Magic    | 4 5 7 8 9 10 13 15 | 15.0
Stealth        | 3 4 5 7 8 10 11 | 11.0
Evocations     | 2 3 7 |  7.0
Spellcasting   | 4 7 9 10 | 10.3
Invocations    | 1 3 8 10 | 10.0
Shields        | 4 6 |  6.0
Conjurations   | 9 10 13 15 | 15.0
Armour         | 3 |  3.0
Dodging        | |  1.5

Action                     |  1- 3 |  4- 6 |  7- 9 | 10-12 | 13-15 || total
---------------------------+-------+-------+-------+-------+-------++-------
  Melee: Unarmed           |    12 |       |       |       |       ||    12
         Staff             |       |     4 |       |     2 |    11 ||    17
  Throw: Dart              |       |       |       |     9 |     9 ||    18
         Throwing net      |       |       |       |     6 |     2 ||     8
   Cast: Sandblast         |    49 |    91 |   172 |   378 |   383 ||  1073
         Stone Arrow       |       |       |     9 |    47 |   437 ||   493
         Blink             |       |       |     2 |     6 |     3 ||    11
  Evoke: Wand              |       |     7 |    10 |    23 |    48 ||    88
         Phantom mirror    |       |       |       |     2 |     3 ||     5
         Lightning rod     |       |       |       |     6 |    14 ||    20
    Use: Potion            |     1 |       |       |       |     1 ||     2
         Scroll            |       |       |       |    10 |     5 ||    15
 Armour: Robe              |    16 |    34 |    86 |   328 |   308 ||   772
         Troll leather arm |       |       |       |       |   224 ||   224
  Dodge: Dodged            |    26 |    35 |    80 |   252 |   307 ||   700
  Block: Other             |       |     1 |       |       |       ||     1
         Buckler           |       |       |       |     9 |   224 ||   233

Table legend: (Time is in decaauts)
 A = Elapsed time spent in this place.
 B = Non-inter-level travel time spent in this place.
 C = Inter-level travel time spent in this place.
 D = Time resting spent in this place.
 E = Time spent auto-exploring this place.
 F = Levels seen in this place.
 G = Mean time per level.
                   A        B        C        D        E       F      G
               +--------+--------+--------+--------+--------+-----+--------+
         Total |  24184 |  22828 |   1356 |    864 |  17203 |  21 | 1151.6 |
       Dungeon |  13329 |  12458 |    871 |    265 |   9730 |  13 | 1025.3 |
        Temple |     92 |     92 |      0 |      0 |     88 |   1 |   92.0 |
          Lair |   8699 |   8311 |    388 |    572 |   6075 |   5 | 1739.8 |
  Orcish Mines |   2063 |   1966 |     97 |     27 |   1310 |   2 | 1031.5 |
               +--------+--------+--------+--------+--------+-----+--------+

Top non-repeatable levels by time:
  Lair:5: 2947 daAuts
    D:11: 2343 daAuts
  Lair:2: 2150 daAuts
  Lair:1: 1689 daAuts
   Orc:2: 1584 daAuts
     D:3: 1449 daAuts
    D:12: 1150 daAuts
     D:1: 1058 daAuts
     D:2: 1022 daAuts
  Lair:3: 996 daAuts
     D:5: 979 daAuts
    D:10: 948 daAuts
     D:4: 927 daAuts
  Lair:4: 916 daAuts
     D:9: 842 daAuts
